 Dungeon Crawl Stone Soup version 0.30-a0-389-g8d7d949 (webtiles) character file.

Game seed: 18368222456691059221

18018 BarneyGumball the Ripper (level 12, 0/56 HPs)
             Began as a Felid Berserker on Dec 3, 2022.
             Was an Elder of Trog.
             Killed by divine providence
             ... invoked by a meliai
              (10 damage)
             ... on level 12 of the Dungeon.
             The game lasted 01:43:54 (22399 turns).

BarneyGumball the Ripper (Felid Berserker)         Turns: 22399, Time: 01:43:55

Health: 0/56       AC:  3    Str: 22    XL:     12   Next: 24%
Magic:  0/13       EV: 25    Int:  8    God:    Trog [****..]
Gold:   498        SH:  0    Dex: 17    Spells: 11/11 levels left
                                        Lives:  0   Deaths: 4

rFire   + . .      SeeInvis +      - Unarmed
rCold   + . .      Faith    .    (shield unavailable)
rNeg    . . .      Spirit   +    (body armour unavailable)
rPois   .          Reflect  .    (helmet unavailable)
rElec   .          Harm     .    (cloak unavailable)
rCorr   .          Rampage  .    (gloves unavailable)
Will    +....                    (boots unavailable)
Stlth   +++++.....               f - amulet of guardian spirit
HPRegen 0.29/turn                H - ring "Qety" {rF+ Str+5}
MPRegen 0.13/turn                g - +4 ring of evasion

@: about to teleport, quick
A: very small, claws 1, fangs 3, see invisible, speed 1, shaggy fur 3, stealthy
paws, no weapons or thrown items, no armour, multi-lived
a: Renounce Religion, Berserk, Trog's Hand, Brothers in Arms


You were on level 12 of the Dungeon.
You worshipped Trog.
Trog was greatly pleased with you.
You visited 3 branches of the dungeon, and saw 19 of its levels.

You collected 1836 gold pieces.
You spent 1338 gold pieces at shops.

Inventory:

Jewellery
 f - an amulet of guardian spirit (around neck)
 g - a +4 ring of evasion (right paw)
 i - a +6 ring of dexterity
 l - a ring of protection from fire
 n - a ring of fire
 p - a +6 ring of intelligence
 C - a ring of poison resistance
 H - the ring "Qety" (left paw) {rF+ Str+5}
   (You bought it in a shop on level 2 of the Orcish Mines)

   [ring of protection from fire]

   Str:       It affects your strength (+5).
   rF:        It protects you from fire.
 K - an amulet of magic regeneration
 L - a ring of positive energy
 O - a ring of protection from fire
 P - a +4 ring of protection
Wands
 q - a wand of acid (5)
 t - a wand of polymorph (8)
 M - a wand of paralysis (10)
 N - a wand of iceblast (5)
Scrolls
 b - a scroll of amnesia {unknown}
 c - 3 scrolls of fear
 e - 2 scrolls of silence {unknown}
 h - 7 scrolls of teleportation
 j - a scroll of torment {unknown}
 m - 4 scrolls of magic mapping
 s - 2 scrolls of summoning {unknown}
 v - a scroll of blinking
 x - 2 scrolls of acquirement {unknown}
 y - 4 scrolls of poison {unknown}
 A - 2 scrolls of noise {unknown}
 B - a scroll of brand weapon {unknown}
 F - 2 scrolls of fog {unknown}
 J - 2 scrolls of vulnerability {unknown}
 Q - a scroll of immolation
Potions
 a - 7 potions of curing
 d - 4 potions of heal wounds
 k - a potion of flight
 o - 3 potions of ambrosia
 r - a potion of lignification
 u - 5 potions of mutation
 z - 5 potions of magic
 D - 3 potions of attraction
 E - a potion of invisibility
 G - 5 potions of resistance
Miscellaneous
 I - a lightning rod (4/4)


   Skills:
 - Level 8.5 Fighting
 + Level 7.2 Dodging
 - Level 13.0 Stealth
 - Level 17.1 Unarmed Combat
 - Level 12.5 Evocations


You had 11 spell levels left.
You didn't know any spells.
Your spell library was empty.

Dungeon Overview and Level Annotations

Branches:
Dungeon (13/15)            Temple (0/1) D:5            Lair (4/5) D:11
  Swamp (0/4) Lair:2          Orc (2/2) D:10            Elf (0/3) Orc:2
  Snake: Lair:2-3    Spider: Lair:2-3     Slime: Lair:4-5    Vaults: D:13-14

Altars:
Dithmenos
Elyvilon
Ru
Sif Muna
Wu Jian
Xom
The Shining One

Shops:
D:6 :   Orc:2 =**(

Annotations:
D:10 Nergalle
Lair:3 exclusion: oklob plant, Josephine, Nessos


Innate Abilities, Weirdness & Mutations

You have sharp claws.
You have razor-sharp teeth.
You have supernaturally acute eyesight. (SInv)
You cover ground quickly. (Speed+)
Your thick and shaggy fur keeps you warm. (AC +3, rC+)
Your paws help you pounce on unaware monsters.
You are incapable of wielding weapons or throwing items.
You cannot wear armour.
You gain extra lives every three experience levels.


Message History

Okay, then.
Aiming: Thunderbolt
Press: ? - help, Shift-Dir - straight line, f - you
Okay, then.
The meliai mumbles some strange prayers to its god against you.
Something smites you!
The meliai mumbles some strange prayers to its god against you.
Something smites you!
There is a stone staircase leading up here.
The meliai mumbles some strange prayers to its god against you.
Something smites you!
You climb upwards.
There is a stone staircase leading down here.
You start resting.
Magic restored.
You start resting.
HP restored.
You see here a +0 pair of boots.
There is a stone staircase leading down, spattered with blood here.
You climb downwards.
The meliai buzzes angrily.
There is a stone staircase leading up here.
The meliai hits you with a +0 hand axe. The meliai misses you.
The meliai completely misses you. x2; The meliai hits you with a +0 war axe!
The meliai completely misses you.
The meliai calls down the wrath of its god upon you.
Something smites you!
The meliai hits you with a +0 war axe of flaming!
The meliai misses you. The meliai completely misses you. The meliai misses you.
You climb upwards.
There is a stone staircase leading down, spattered with blood here.
As you read the scroll of teleportation, it crumbles to dust.
You feel strangely unstable. The meliai hits you with a +0 war axe.
The meliai completely misses you.
The meliai invokes the aid of its god against you.
Something smites you!
* * * LOW HITPOINT WARNING * * *
The meliai mumbles some strange prayers to its god against you.
Something smites you!
You die...

#........#.........
#........#.........
#........#.........
#........###..####.
#..............# #.
#...........#..# #.
#.........###..###.
#..y......#~~~...#.
#y@..........~≈~~~~
#..y.....##...≈..~≈
##.....####.#......
#.#.####...#).....
##### #.......###
#.......###
#.......##.
#.......##.
#.###...'[.


You could see 3 meliai.

Vanquished Creatures
  Frances (D:13)
  A hydra (Lair:3)
  A catoblepas (Lair:4)
  Erica (D:9)
  7 two-headed ogres
  An orc high priest (Orc:2)
  A deep elf pyromancer (D:11)
  5 orc knights
  2 ugly things (D:12)
  An orc sorcerer (Orc:2)
  4 cyclopes
  A black mamba (Lair:4)
  Maurice (D:7)
  Joseph (D:10)
  2 gargoyles
  Maggie (D:8)
  7 cane toads
  An unseen horror (D:12)
  9 komodo dragons
  A hornet (D:7)
  2 trolls
  2 polar bears
  Prince Ribbit (D:7)
  8 saltlings (Orc:2)
  3 slime creatures
  2 shadows
  2 vampires
  6 wraiths
  38 yaks
  A wyvern (Lair:3)
  2 basilisks
  A steam dragon (D:8)
  2 vampire mosquitoes (D:12)
  2 acid dragons
  9 water moccasins
  10 orc warriors
  A black bear (Lair:1)
  3 ice beasts
  5 ogres
  A centaur (D:5)
  2 phantoms
  A kobold brigand (D:8)
  3 necrophages (D:7)
  9 bullfrogs
  A scorpion (D:11)
  11 wights
  10 killer bees
  5 howler monkeys
  4 jellies
  3 hounds
  17 orc priests
  Jessica (D:3)
  3 iguanas
  21 orc wizards
  Robin (D:3)
  9 adders
  15 gnolls
  A white imp (D:7)
  2 ufetubi
  A worm (D:2)
  A dart slug (D:1)
  58 orcs
  15 ball pythons
  3 bats (D:1)
  10 endoplasms
  A giant cockroach (D:1)
  19 goblins
  12 hobgoblins
  9 jackals
  4 quokkas
  5 frilled lizards
  12 kobolds
  2 rats
421 creatures vanquished.

Vanquished Creatures (collateral kills)
  An ettin (Orc:2)
  A hydra (Lair:2)
  A two-headed ogre (D:11)
  A fire crab (Lair:2)
  An orc knight (Orc:2)
  A cyclops (Orc:2)
  A saltling (Orc:2)
  A steam dragon (D:9)
  A water moccasin (Lair:2)
  An orc warrior (D:9)
  A centaur (D:9)
  A gnoll sergeant (D:7)
12 creatures vanquished.

Vanquished Creatures (others)
  An orc (D:8)
  37 fungi
  21 pillars of salt (Orc:2)
  21 plants
80 creatures vanquished.

Grand Total: 513 creatures vanquished

Notes
Turn   | Place    | Note
-------+----------+-------------------------------------------
     0 | D:1      | BarneyGumball the Felid Berserker began the quest for the
                  | Orb.
     0 | D:1      | Reached XP level 1. HP: 10/10 MP: 2/2
    46 | D:1      | Reached XP level 2. HP: 14/14 MP: 3/3
   293 | D:1      | Found a faded altar of an unknown god.
   366 | D:1      | Reached skill level 1 in Stealth
   485 | D:1      | Reached skill level 4 in Unarmed Combat
   485 | D:1      | Reached XP level 3. HP: 14/17 MP: 4/4
   566 | D:1      | Reached ** piety under Trog
   832 | D:2      | Reached XP level 4. HP: 21/21 MP: 5/5
   847 | D:2      | Found an ornate altar of the Wu Jian Council.
  1337 | D:3      | Noticed Robin
  1364 | D:3      | Reached *** piety under Trog
  1368 | D:3      | Reached skill level 5 in Unarmed Combat
  1537 | D:3      | Reached XP level 5. HP: 24/24 MP: 6/6
  1710 | D:3      | Killed Robin
  1930 | D:3      | Noticed Jessica
  1949 | D:3      | Killed Jessica
  2339 | D:4      | Found a shimmering altar of Xom.
  2439 | D:4      | Reached skill level 6 in Unarmed Combat
  2439 | D:4      | Gained mutation: You are covered in thick fur. (AC +2)
                  | [Felid growth]
  2439 | D:4      | Reached XP level 6. HP: 28/28 MP: 7/7
  2523 | D:4      | Reached **** piety under Trog
  3235 | D:5      | Entered Level 5 of the Dungeon
  3236 | D:5      | Noticed a water moccasin
  3340 | D:5      | Reached skill level 5 in Stealth
  3425 | D:5      | Killed a water moccasin
  3426 | D:5      | Reached skill level 1 in Evocations
  3426 | D:5      | Reached XP level 7. HP: 13/31 MP: 8/8
  3586 | D:5      | Reached skill level 7 in Unarmed Combat
  3866 | D:5      | Found a staircase to the Ecumenical Temple.
  4466 | D:6      | Found Citeff's Vocational Training.
  4554 | D:6      | Reached XP level 8. HP: 34/34 MP: 9/9
  4584 | D:6      | Reached skill level 8 in Unarmed Combat
  4599 | D:6      | Slain by a wight
  4600 | D:6      | Reached XP level 7. HP: 0/45 MP: 8/8
  4641 | D:6      | Found a glowing golden altar of the Shining One.
  4835 | D:6      | Found a sacrificial altar of Ru.
  4836 | D:6      | Found a shadowy altar of Dithmenos.
  4838 | D:6      | Found a shimmering blue altar of Sif Muna.
  5010 | D:6      | Found a shimmering altar of Xom.
  5164 | D:7      | Reached XP level 8. HP: 20/34 MP: 9/9
  5388 | D:7      | Noticed a hornet
  5437 | D:7      | Reached skill level 9 in Unarmed Combat
  5667 | D:7      | Noticed Prince Ribbit
  5766 | D:7      | Reached ***** piety under Trog
  5767 | D:7      | Reached skill level 5 in Evocations
  5996 | D:8      | Noticed Maurice
  6068 | D:7      | Killed a hornet
  6231 | D:7      | Reached skill level 10 in Unarmed Combat
  6246 | D:7      | Reached XP level 9. HP: 26/37 MP: 10/10
  6488 | D:7      | Killed Prince Ribbit
  6508 | D:7      | Killed Maurice
  6720 | D:7      | Reached skill level 10 in Stealth
  7141 | D:8      | Noticed a wizard
  7415 | D:8      | Noticed Maggie
  7551 | D:8      | Reached skill level 11 in Unarmed Combat
  7873 | D:8      | Killed Maggie
  8238 | D:9      | Noticed a two-headed ogre
  8383 | D:9      | Reached XP level 10. HP: 5/42 MP: 11/11
  8618 | D:9      | Noticed Erica
  8626 | D:9      | Killed Erica
  8708 | D:9      | Noticed a two-headed ogre
  8864 | D:9      | Killed a two-headed ogre
  8865 | D:9      | Reached skill level 12 in Unarmed Combat
  8996 | D:9      | Killed a two-headed ogre
  9057 | D:9      | Killed from afar by a steam dragon
  9058 | D:9      | Reached XP level 9. HP: -8/37 MP: 10/10
  9319 | D:9      | Reached XP level 10. HP: 42/42 MP: 11/11
  9529 | D:9      | Identified the +10 war axe "Wef Geuneu" {speed, Contam
                  | rCorr Int+4 Dex+2}
  9544 | D:10     | Entered Level 10 of the Dungeon
  9544 | D:10     | Noticed Nergalle
  9867 | D:10     | Reached skill level 13 in Unarmed Combat
 10184 | D:10     | Noticed a two-headed ogre
 10186 | D:10     | Noticed Joseph
 10187 | D:10     | Killed a two-headed ogre
 10241 | D:10     | Found a staircase to the Orcish Mines.
 10380 | D:11     | Noticed a two-headed ogre
 10657 | D:11     | Noticed a cyclops
 10692 | D:11     | Noticed a deep elf pyromancer
 11014 | D:11     | Noticed a cyclops
 11019 | D:11     | Killed a cyclops
 11037 | D:11     | Noticed a cyclops
 11103 | Orc:1    | Entered Level 1 of the Orcish Mines
 11198 | D:11     | Found a staircase to the Lair.
 11240 | D:11     | Noticed a gargoyle
 11489 | D:11     | Killed a two-headed ogre
 11510 | D:11     | Killed a cyclops
 11657 | D:11     | Killed a deep elf pyromancer
 11658 | D:11     | Reached XP level 11. HP: 45/45 MP: 12/12
 12153 | D:12     | Noticed a white ugly thing
 12186 | Lair:1   | Entered Level 1 of the Lair of Beasts
 12303 | Lair:1   | Reached skill level 14 in Unarmed Combat
 12555 | Lair:1   | Reached skill level 10 in Evocations
 12879 | Lair:1   | Reached skill level 5 in Fighting
 13111 | Lair:2   | Found a shimmering altar of Xom.
 13515 | Lair:2   | Noticed a fire crab
 13523 | Lair:2   | Killed a fire crab
 13524 | Lair:2   | Engulfed by a cloud of flame
 13525 | Lair:2   | Reached XP level 10. HP: -8/44 MP: 11/11
 13532 | Lair:2   | Noticed a six-headed hydra
 13548 | Lair:2   | Found a staircase to the Swamp.
 13559 | Lair:2   | Killed a six-headed hydra
 13875 | Lair:2   | Reached XP level 11. HP: 17/48 MP: 12/12
 14007 | Lair:2   | Noticed a four-headed hydra
 14076 | Lair:1   | Reached skill level 15 in Unarmed Combat
 15261 | Lair:3   | Noticed Nessos
 15440 | Lair:3   | Noticed Josephine
 15463 | Lair:3   | Noticed a seven-headed hydra
 15466 | Lair:3   | Killed a seven-headed hydra
 15490 | Lair:3   | Noticed an oklob plant
 16696 | Lair:4   | Found a white marble altar of Elyvilon.
 16697 | Lair:4   | Noticed a catoblepas
 16712 | Lair:4   | Killed a catoblepas
 17597 | Orc:1    | Noticed a two-headed ogre
 17858 | Orc:1    | Reached skill level 16 in Unarmed Combat
 17939 | Orc:1    | Gained mutation: Your thick and shaggy fur keeps you warm.
                  | (AC +3, rC+) [Felid growth]
 17939 | Orc:1    | Reached XP level 12. HP: 24/54 MP: 13/13
 18944 | Orc:2    | Entered Level 2 of the Orcish Mines
 19384 | Orc:2    | Noticed a two-headed ogre
 19392 | Orc:2    | Killed a two-headed ogre
 19394 | Orc:2    | Found a staircase to the Elven Halls.
 19452 | Orc:2    | Noticed an ettin
 19482 | Orc:2    | Killed an ettin
 19562 | Orc:2    | Found Ongum's Assorted Antiques.
 20052 | Orc:2    | Noticed a two-headed ogre
 20082 | Orc:2    | Killed a two-headed ogre
 20197 | Orc:2    | Noticed a two-headed ogre
 20419 | Orc:2    | Killed a two-headed ogre
 20473 | Orc:2    | Noticed an orc high priest
 20501 | Orc:2    | Killed an orc high priest
 20580 | Orc:2    | Found Firunaa's Jewellery Shoppe.
 20586 | Orc:2    | Bought an amulet of guardian spirit for 390 gold pieces
 20603 | Orc:2    | Found Fearphi's Assorted Antiques.
 20605 | Orc:2    | Found Qynnel's Antique Weapon Shop.
 20634 | Orc:2    | Bought a twisted lead wand for 136 gold pieces
 20760 | Orc:2    | Bought the ring "Qety" {rF+ Str+5} for 552 gold pieces
 20760 | Orc:2    | Bought a ring of positive energy for 260 gold pieces
 20893 | D:10     | Killed Joseph
 21044 | D:11     | Reached skill level 17 in Unarmed Combat
 21176 | D:12     | Reached XP level 13. HP: 59/59 MP: 14/14
 21719 | D:12     | Reached skill level 5 in Dodging
 22196 | D:13     | Noticed Frances
 22209 | D:13     | Annihilated by Frances
 22210 | D:13     | Reached XP level 12. HP: -23/84 MP: 0/13
 22265 | D:13     | Killed Frances
 22399 | D:12     | Killed from afar by a meliai

Illustrated notes

Levels and vault maps discovered:
D:1:      wander_arrival_peaceful_grave, layout_rooms,
          nicolae_ecumenical_snake_handling, nicolae_hexahallways,
          serial_park_tiny_2
D:2:      layout_rooms, basic_altar
D:3:      layout_basic, uniq_robin, uniq_jessica
D:4:      layout_basic, minmay_ruined_shrine
D:5:      layout_basic, minmay_temple_entry_poolview
D:6:      layout_basic, kennysheep_mini_moat, minitemple,
          nicolae_shop_vocational
D:7:      layout_cave_pools, minmay_misc_feat_tower, uniq_prince_ribbit1
D:8:      cheibrodos_wizards_tower, layout_basic, nicolae_lava_and_water,
          nicolae_kite_square_tiling_tiny, uniq_maggie, uniq_maurice
D:9:      minmay_clustersquares, layout_cave_pools, uniq_erica
D:10:     layout_roguey, hiddenorc1_lemuel, dreamdust_mushroom_princess,
          uniq_joseph, uniq_nergalle
D:11:     layout_gridville, grunt_lair_entry_orc_guard_hut
D:12:     layout_basic, serial_rivers, chequers_serial_rivers_micro_a,
          chequers_serial_rivers_small_a, chequers_serial_rivers_room_b,
          chequers_serial_rivers_micro_b, chequers_serial_rivers_micro_e
D:13:     evilmike_iron_armoury, layout_small_grid,
          chequers_serial_rivers_micro_a, uniq_frances
Lair:1:   layout_roguey
Lair:2:   layout_regular_city, swamp_mist_pool, spider_nest_entry_funnel_web,
          basic_altar, beast_lair_carwin_9
Lair:3:   layout_small_grid, uniq_nessos, uniq_josephine
Lair:4:   layout_cellular_growth, basic_altar
Orc:1:    layout_caves
Orc:2:    hellmonk_orc_salted, layout_caves

Skill      XL: |  1  2  3  4  5  6  7  8  9 10 11 12 13 |
---------------+----------------------------------------+-----
Stealth        | 1 2 3 4 5 6 9 10 12 13 | 13.0
Unarmed Combat | 4 5 6 7 10 11 13 16 17 | 17.1
Evocations     | 1 4 5 7 9 11 12 | 12.5
Fighting       | 7 8 |  8.5
Dodging        | 7 6 |  7.2

Action                   |  1- 3 |  4- 6 |  7- 9 | 10-12 | 13-15 || total
-------------------------+-------+-------+-------+-------+-------++-------
Melee: Unarmed           |    82 |   221 |   279 |   617 |    51 ||  1250
       Bite              |     7 |    21 |    23 |    90 |     7 ||   148
       Punch             |       |     6 |    16 |    71 |     3 ||    96
Invok: Berserk           |       |     1 |     1 |     7 |     1 ||    10
       Trog's Hand       |       |       |     1 |     1 |       ||     2
       Brothers in Arms  |       |       |     2 |     7 |     1 ||    10
Evoke: Wand              |       |     5 |    22 |    39 |       ||    66
       Lightning rod     |       |       |       |     9 |       ||     9
  Use: Scroll            |       |       |     8 |    20 |       ||    28
       Potion            |       |       |       |     8 |     1 ||     9
 Stab: Sleeping          |     6 |    10 |    11 |    29 |     3 ||    59
       Distracted        |     1 |     1 |     4 |     6 |       ||    12
Armor: Skin              |     2 |     2 |    11 |    13 |       ||    28
Dodge: Dodged            |    50 |   173 |   271 |   357 |    40 ||   891

Table legend: (Time is in decaauts)
 A = Elapsed time spent in this place.
 B = Non-inter-level travel time spent in this place.
 C = Inter-level travel time spent in this place.
 D = Time resting spent in this place.
 E = Time spent auto-exploring this place.
 F = Levels seen in this place.
 G = Mean time per level.
                   A        B        C        D        E       F      G
               +--------+--------+--------+--------+--------+-----+--------+
         Total |  19474 |  18145 |   1329 |   4663 |   7647 |  19 | 1024.9 |
       Dungeon |  12983 |  11963 |   1020 |   3263 |   4875 |  13 |  998.7 |
          Lair |   4394 |   4202 |    192 |    945 |   1959 |   4 | 1098.5 |
  Orcish Mines |   2096 |   1980 |    116 |    454 |    812 |   2 | 1048.0 |
               +--------+--------+--------+--------+--------+-----+--------+

Top non-repeatable levels by time:
    D:10: 2078 daAuts
    D:11: 1563 daAuts
  Lair:1: 1424 daAuts
     D:7: 1333 daAuts
     D:6: 1242 daAuts
   Orc:2: 1168 daAuts
     D:8: 1098 daAuts
     D:9: 1095 daAuts
  Lair:2: 1091 daAuts
  Lair:4: 998 daAuts
    D:12: 929 daAuts
   Orc:1: 928 daAuts
     D:3: 890 daAuts
  Lair:3: 879 daAuts
     D:5: 751 daAuts
